Map: Base du roi Sejong EC

Players

ЖаннаФриске

  • Race: Terran Terran
  • League: Silver
  • Spawn Location: 11:00

zidar - Winner!

  • Race: Zerg Zerg
  • League: Gold
  • Spawn Location: 5:00

VOD

Have the link to the VOD?

Description

Time

  • Played on: June 10, 2016, 1:07 p.m.
  • Length: 20:35
Show
View Real Time Build Order
Export as new Build Order

ЖаннаФриске Terran 

Build Orders:  

Get SALT Encoding   

  12  0:01  SCV  
  13  0:13  SCV  
  14  0:20  Supply Depot  
  14  0:25  SCV  
  15  0:35  Refinery  
  15  0:42  SCV  
  16  0:45  Barracks  
  16  0:54  SCV  
  17  1:06  SCV  
  17  1:09  Barracks  
  19  1:18  SCV  
  19  1:31  SCV  
  20  1:39  Barracks  
  20  1:46  SCV  
  21  1:49  Barracks Reactor  
  21  2:02  Barracks Tech Lab, Supply Depot  
  21  2:07  Orbital Command  
  21  2:32  Barracks Reactor  
  21  2:33  Marine  
  21  2:34  Marine  
  21  2:36  Stimpack  
  25  2:37  Marauder  
  25  2:41  Supply Depot  
  25  2:44  Refinery, SCV  
  26  2:59  Marine x2  
  26  3:02  Marauder  
  30  3:14  Marine x2  
  32  3:23  Factory  
  32  3:26  Marine x2  
  34  3:28  Marauder  
  34  3:32  Marine  
  34  3:33  Marine  
  38  3:39  Supply Depot  
  38  3:46  Marine  
  39  4:00  Marine x3  
  39  4:01  Marauder  
  44  4:10  Marine  
  44  4:15  Factory Tech Lab  
  45  4:18  Supply Depot  
  45  4:36  Combat Shield  
  45  4:40  Siege Tank  
  45  4:42  Command Center  
  48  4:45  Supply Depot  
  48  4:48  Marine x2  
  50  4:54  Marine x2  
  50  4:58  Marauder  
  31  5:29  Marine x4  
  31  5:30  Marauder  
  37  5:43  Siege Tank  
  37  5:45  Bunker  
  40  6:02  Marine x4  
  46  6:04  Marauder  
  46  6:05  SCV  
  46  6:10  SCV  
  48  6:28  SCV  
  48  6:30  Siege Tank  
  52  6:32  Marine  
  52  6:33  Marine x3  
  56  6:40  SCV  
  56  6:42  Starport  
  57  6:55  Bunker  
  57  6:57  SCV  
  58  7:05  Marine x3  
  61  7:09  SCV  
  62  7:16  Supply Depot  
  62  7:21  SCV  
  63  7:27  Engineering Bay  
  63  7:29  Starport Reactor  
  63  7:32  Marine x5  
  63  7:35  SCV  
  69  7:45  Armory  
  69  7:48  SCV  
  69  7:50  SCV  
  71  7:59  Missile Turret  
  71  8:02  Missile Turret  
  71  8:10  Missile Turret  
  71  8:13  Missile Turret  
  71  8:20  Missile Turret  
  71  8:23  Missile Turret  
  71  8:29  Missile Turret, SCV  
  71  8:30  SCV  
  73  8:38  Missile Turret  
  73  8:41  SCV  
  74  8:42  SCV  
  75  8:52  Missile Turret  
  75  8:54  SCV  
  76  8:59  Refinery  
  76  9:00  Refinery  
  76  9:12  Barracks  
  76  9:13  Missile Turret  
  76  9:17  Barracks  
  76  9:31  Marine x4  
  80  9:38  Barracks  
  80  9:41  Medivac x2  
  84  9:51  Command Center  
  84  10:03  Supply Depot  
  84  10:05  SCV  
  85  10:23  Starport  
  85  10:25  Viking x2, Siege Tank  
  92  10:36  Starport  
  92  10:44  Barracks Reactor  
  92  10:45  Barracks Reactor  
  92  10:46  Barracks Reactor  
  92  10:57  Supply Depot  
  92  10:58  Supply Depot  
  92  11:00  Viking  
  92  11:02  Viking  
  96  11:07  Starport Reactor  
  96  11:29  Starport Reactor  
  96  11:31  Viking  
  96  11:32  Viking  
  100  11:38  Missile Turret  
  100  11:49  Viking  
  100  11:50  Viking  
  104  11:55  SCV  
  104  12:00  Missile Turret  
  105  12:01  Viking  
  105  12:07  SCV  
  105  12:08  Viking x2  
  112  12:18  Viking  
  112  12:19  SCV  
  115  12:31  SCV  
  115  12:32  Viking x2  
  120  12:43  SCV  
  121  12:52  Marine x3  
  121  12:53  Marine x5  
  121  12:54  Marine  
  121  12:57  Supply Depot  
  130  13:04  Viking  
  132  13:14  Viking  
  131  13:24  Siege Tank  
  134  13:28  Planetary Fortress  
  134  13:36  SCV  
  131  13:44  Medivac x3  
  137  13:48  SCV  
  138  13:56  Siege Tank  
  141  14:24  Planetary Fortress  
  141  14:27  Refinery  
  141  14:30  Refinery  
  141  14:37  Starport  
  141  14:40  Starport  
  141  14:58  Sensor Tower  
  141  15:05  Missile Turret  
  141  15:24  Supply Depot  
  141  15:27  Missile Turret  
  141  15:28  Supply Depot  
  141  15:29  Marine x7, Supply Depot  
  141  15:30  SCV  
  149  15:38  Supply Depot  
  149  15:42  Terran Infantry Weapons Level 1  
  149  15:44  Concussive Shells  
  149  15:46  Marine x4, Siege Tank  
  149  15:47  Marine  
  149  15:49  Marine x3  
  157  15:50  Supply Depot  
  157  15:53  Marine x3  
  159  16:04  Marine x4  
  148  16:15  Supply Depot, Starport Tech Lab  
  148  16:16  Bunker  
  148  16:17  Starport Tech Lab  
  148  16:18  Siege Tank  
  151  16:38  Supply Depot  
  151  16:39  Viking x3  
  141  16:40  Viking x3  
  163  16:47  Bunker  
  163  17:01  Supply Depot  
  163  17:09  Viking x2  
  163  17:10  Fusion Core  
  118  18:15  Marine x4  
  118  18:16  Marine x6  
Show
View Real Time Build Order
Export as new Build Order

zidar Zerg - Winner!

Build Orders: Hatch First, Muta Ling Bane 

Get SALT Encoding   

  12  0:01  Drone  
  13  0:12  Overlord  
  13  0:17  Drone  
  14  0:44  Hatchery  
  14  0:46  Drone  
  14  0:50  Extractor  
  14  0:52  Drone  
  14  0:57  Drone  
  14  1:03  Drone  
  16  1:10  Drone  
  17  1:24  Spawning Pool  
  16  1:27  Drone  
  17  1:40  Drone x2  
  19  1:59  Overlord  
  19  2:03  Drone x2  
  21  2:11  Queen  
  23  2:19  Queen  
  25  2:36  Drone x2  
  25  2:37  Roach Warren  
  27  2:52  Zergling x2  
  27  2:53  Zergling x10  
  33  3:12  Baneling Nest  
  32  3:16  Zergling x8  
  36  3:25  Metabolic Boost  
  36  3:32  Pneumatized Carapace  
  36  3:36  Lair  
  36  3:42  Overlord  
  36  3:43  Overlord x2  
  36  4:01  Overlord, Zergling x8  
  36  4:02  Zergling x4  
  42  4:17  Extractor  
  41  4:20  Drone x4  
  41  4:21  Extractor, Drone  
  41  4:22  Extractor  
  44  4:28  Baneling x5  
  44  4:40  Zergling x4  
  44  4:41  Zergling x4  
  44  4:45  Zergling x4  
  49  4:47  Zergling x2  
  49  4:52  Zergling x2  
  52  5:04  Centrifical Hooks  
  44  5:29  Drone x6  
  44  5:30  Drone x5  
  55  5:53  Evolution Chamber  
  54  5:58  Evolution Chamber  
  53  6:10  Spire  
  52  6:30  Hatchery  
  42  6:55  Drone x3  
  42  6:56  Drone x2  
  42  6:57  Drone x4  
  42  6:59  Drone x2  
  53  7:01  Zerg Ground Armor Level 1  
  53  7:02  Zerg Melee Weapons Level 1  
  53  7:05  Queen  
  55  7:22  Baneling x5  
  55  7:24  Zergling x10  
  55  7:25  Zergling x2  
  55  7:26  Zergling x2  
  62  7:40  Mutalisk x2  
  62  7:41  Mutalisk x3  
  72  7:54  Drone  
  72  7:57  Overlord  
  72  7:58  Overlord x2  
  73  8:02  Zerg Flyer Weapons Level 1  
  73  8:10  Infestation Pit  
  72  8:15  Queen  
  72  8:19  Zergling x2  
  77  8:20  Zergling x10  
  77  8:21  Zergling x8  
  77  8:24  Drone x6  
  77  8:25  Drone  
  91  9:01  Zergling x12  
  97  9:23  Hatchery  
  96  9:26  Drone  
  96  9:29  Overlord x6  
  97  9:53  Hive  
  97  9:54  Zerg Ground Armor Level 2, Zerg Melee Weapons Level 2  
  97  9:56  Zerg Flyer Weapons Level 2  
  97  10:02  Zergling x18  
  97  10:04  Zergling x2  
  97  10:05  Zergling x10  
  112  10:07  Drone x6  
  112  10:08  Drone x2  
  112  10:12  Extractor  
  119  10:16  Extractor  
  118  11:16  Baneling x7  
  118  11:27  Ultralisk Cavern  
  117  11:49  Baneling  
  117  11:50  Baneling x9  
  117  11:53  Zergling x24  
  129  11:57  Adrenal Glands  
  129  12:04  Drone x6  
  129  12:05  Drone x3  
  138  12:23  Hatchery  
  137  12:51  Hatchery  
  136  13:03  Overlord  
  136  13:04  Overlord x4  
  136  13:06  Chitinous Plating  
  142  13:55  Ultralisk  
  142  13:56  Ultralisk x3  
  142  13:57  Ultralisk x4  
  142  13:59  Zergling x6  
  142  14:00  Zergling x6  
  190  14:38  Zerg Melee Weapons Level 3, Zerg Ground Armor Level 3  
  190  14:40  Zerg Flyer Weapons Level 3  
  190  15:43  Extractor  
  190  15:45  Extractor  
  184  16:15  Baneling x5  
  184  16:16  Baneling x8  
  184  16:20  Ultralisk x2  
  184  16:24  Overlord x2  
  184  16:25  Overlord x2  
  196  16:26  Overlord  
  196  17:04  Zergling x8  
  190  17:33  Drone  
  190  17:34  Drone x9  
  135  18:25  Overlord  
  135  18:26  Overlord x16  
  105  19:00  Ultralisk x3  
  105  19:01  Ultralisk x4  
  105  19:02  Ultralisk x4  
  171  19:03  Ultralisk x3  
  171  19:04  Ultralisk  
  194  19:15  Spore Crawler  
  194  19:16  Spore Crawler  
  194  19:17  Spore Crawler  
  191  19:18  Spore Crawler  
  191  19:19  Spore Crawler  
  191  19:21  Spore Crawler  
  191  19:22  Spore Crawler  
  191  19:23  Spore Crawler  
  182  20:02  Overlord x6  
  182  20:03  Overlord x2  
  182  20:09  Spore Crawler  
Tags
 
Add a new tag
Caveats
  • Supply blocks, unpowered buildings, or Contaminate may cause inaccurate times.
  • Supply counts are checked every 10 seconds.